 Dungeon Crawl Stone Soup version 0.26.0-15-gc6cd9f700b (webtiles) character file.

Game seed: 90483988716560816

279 teolandon225 the Chopper (level 6, -5/55 HPs)
             Began as a Hill Orc Monk on Jan 15, 2021.
             Was a Believer of Beogh.
             Slain by XxsatanxX's ghost (8 damage)
             ... on level 4 of the Dungeon.
             The game lasted 00:09:57 (4525 turns).

teolandon225 the Chopper (Hill Orc Monk)            Turns: 4525, Time: 00:09:58

Health: -5/55      AC:  9    Str: 16    XL:     6   Next: 26%
Magic:  6/6        EV: 11    Int: 10    God:    Beogh [**....]
Gold:   399        SH:  0    Dex: 13    Spells: 5/5 levels left

rFire    + . .     SeeInvis .   a - +1 hand axe
rCold    . . .     Faith    .   (no shield)
rNeg     . . .     Spirit   .   q - +0 scale mail
rPois    .         Reflect  .   k - +1 helmet
rElec    .         Harm     .   p - +0 cloak
rCorr    .         Rampage  .   (no gloves)
Will     .....                  (no boots)
Stlth    ..........             (no amulet)
HPRegen  0.18/turn              l - ring of protection from fire
MPRegen  0.10/turn              (no ring)

@: no status effects
A: no striking features
a: Renounce Religion, Smiting


You were on level 4 of the Dungeon.
You worshipped Beogh.
Beogh was pleased with you.
You visited 1 branch of the dungeon, and saw 4 of its levels.

You collected 399 gold pieces.

Inventory:

Hand Weapons
 a - a +1 hand axe (weapon)
 m - the cursed +1 mace "Fexez" {venom, +Rage Str+3 Stlth+, unknown}
   (You found it on level 4 of the Dungeon)

   It poisons the flesh of those it strikes.
   It affects your strength (+3).
   It lets you go berserk.
   It makes you more stealthy.
   It has a curse placed upon it.
Missiles
 f - 2 throwing nets (quivered)
Armour
 b - a +0 robe
 j - a +0 leather armour
 k - a +1 helmet (worn)
 o - a +0 ring mail
 p - a +0 cloak (worn)
 q - a +0 scale mail (worn)
Jewellery
 l - a ring of protection from fire (left hand)
Wands
 h - a wand of flame (11)
Scrolls
 c - 3 scrolls of teleportation
 d - 2 scrolls of remove curse
Potions
 e - a potion of resistance
 i - a potion of mutation
 n - a potion of flight
 w - a potion of degeneration {unknown}


   Skills:
 + Level 4.8 Fighting
 * Level 6.4 Axes
 + Level 2.6 Armour
 + Level 3.3 Dodging
 - Level 1.5 Stealth


You had 5 spell levels left.
You didn't know any spells.
Your spell library contained the following spells:

 Spells                   Type           Power        Failure   Level
 Animate Skeleton         Necr           0%           80%         1
 Beastly Appendage        Tmut           0%           80%         1
 Pain                     Necr           0%           80%         1
 Wereblood                Tmut           0%           90%         2
 Spider Form              Tmut/Pois      0%           99%         3
 Vampiric Draining        Necr           0%           99%         3
 Animate Dead             Necr           0%           100%        4
 Ice Form                 Ice/Tmut       0%           100%        4
 Agony                    Necr           0%           100%        5
 Blade Hands              Tmut           0%           100%        5


Dungeon Overview and Level Annotations

Branches:
Dungeon (4/15)             Temple (0/1) D:4

Altars:
Ashenzari
Cheibriados
Makhleb
Vehumet
The Shining One

Annotations:
D:3 exclusions: downstairs and upstairs
D:4 XxsatanxX's ghost, amateur MiBe


Message History

You slash XxsatanxX's ghost!
XxsatanxX's ghost is almost destroyed.
XxsatanxX's ghost hits you but does no damage.
You closely miss XxsatanxX's ghost.
XxsatanxX's ghost is almost destroyed.
XxsatanxX's ghost hits you but does no damage.
You hit XxsatanxX's ghost.
XxsatanxX's ghost is almost destroyed.
XxsatanxX's ghost hits you.
* * * LOW HITPOINT WARNING * * *
You hit XxsatanxX's ghost but do no damage.
XxsatanxX's ghost is almost destroyed.
XxsatanxX's ghost hits you but does no damage.
You hit XxsatanxX's ghost but do no damage.
XxsatanxX's ghost is almost destroyed.
XxsatanxX's ghost hits you!
* * * LOW HITPOINT WARNING * * *
There is a stone staircase leading down here.
XxsatanxX's ghost hits you!
You die...

##### ##...##
#.###.# ####.#
#.##########
.....###........@.#
.####...#.......#W##
.# ###...#####....#
.# #..###...###..#
.# #.##.......#..#
.# #.#..#.#...#..##
.# #.#..#.#...#...##
###### .#
###.##.....#.##.#.#
#..... ##
#....#..#...#.#.#.#
#.####


You could see XxsatanxX's ghost.

Vanquished Creatures
  A howler monkey (D:4)
  A quasit (D:4)
  A hound (D:4)
  A worker ant (D:4)
  3 gnolls (D:2)
  5 adders
  A worm (D:2)
  A dart slug (D:4)
  4 leopard geckos
  6 orcs (D:4)
  9 bats
  4 giant cockroaches
  7 goblins
  8 hobgoblins
  A jackal (D:1)
  2 quokkas
  6 frilled lizards
  3 kobolds
  7 rats
71 creatures vanquished.

Vanquished Creatures (others)
  An ogre (D:4)
  An orc priest (D:4)
  An orc wizard (D:4)
  Robin (D:4)
  A worm (D:4)
  2 orcs (D:4)
  5 goblins (D:4)
  A hobgoblin (D:4)
  7 fungi (D:2)
  4 toadstools (D:2)
24 creatures vanquished.

Grand Total: 95 creatures vanquished

Notes
Turn   | Place    | Note
-------+----------+-------------------------------------------
     0 | D:1      | teolandon225 the Hill Orc Monk began the quest for the Orb.
     0 | D:1      | Reached XP level 1. HP: 19/19 MP: 1/1
   184 | D:1      | Reached XP level 2. HP: 23/27 MP: 2/2
  1061 | D:1      | Reached skill level 1 in Armour
  1302 | D:2      | Found a glowing golden altar of the Shining One.
  1302 | D:2      | Found a burning altar of Makhleb.
  1315 | D:2      | Reached XP level 3. HP: 29/33 MP: 3/3
  1462 | D:2      | Found a broken altar of Ashenzari.
  1645 | D:2      | Found a snail-covered altar of Cheibriados.
  1710 | D:2      | Reached skill level 5 in Axes
  1882 | D:3      | Reached XP level 4. HP: 34/40 MP: 4/4
  3078 | D:3      | Reached XP level 5. HP: 45/47 MP: 5/5
  3754 | D:4      | Found a radiant altar of Vehumet.
  3783 | D:4      | Found a transporter.
  3788 | D:4      | Noticed XxsatanxX's ghost (amateur MiBe)
  3820 | D:4      | Became a worshipper of Beogh the Brigand
  3820 | D:4      | Reached * piety under Beogh
  3820 | D:4      | Reached ** piety under Beogh
  3836 | D:4      | Reached skill level 6 in Axes
  3838 | D:4      | Killed Robin
  3847 | D:4      | Reached XP level 6. HP: 23/53 MP: 6/6
  4150 | D:4      | Found a transporter.
  4180 | D:4      | Found a staircase to the Ecumenical Temple.
  4361 | D:4      | Got a warped mace
  4514 | D:4      | HP: 1/55 [XxsatanxX's ghost (10)]
  4525 | D:4      | Slain by XxsatanxX's ghost

Illustrated notes

Levels and vault maps discovered:
D:1:      onia_arrival_mini_spirals, layout_loops_corners, skrybe_limestone_x,
          kennysheep_minor_cross, chequers_serial_rivers_micro_b, st_stairs_9
D:2:      layout_rooms, chequers_temple_overflow_statue_of_worship,
          lemuel_coloured_pillars_altar, nicolae_overflow_hidden_temple,
          grunt_decor_resistance, minmay_gold_behind_fungi
D:3:      layout_loops_ring, hangedman_decor_lopped
D:4:      layout_loops_ring, fiery_altar_vehumet, minmay_temple_entry_tees,
          gammafunk_ghost_stat_death, uniq_robin

Skill      XL: |  1  2  3  4  5 |
---------------+----------------+-----
Armour         | 1 2 |  2.6
Fighting       | 4 |  4.8
Axes           | 5 6 |  6.4
Dodging        | 3 |  3.3
Stealth        | |  1.5

Action                   |  1- 3 |  4- 6 || total
-------------------------+-------+-------++-------
Melee: Hand axe          |   129 |   222 ||   351
Invok: Convert to Beogh  |       |     1 ||     1
  Use: Scroll            |       |    15 ||    15
       Potion            |       |     4 ||     4
 Stab: Sleeping          |     2 |     1 ||     3
       Invisible         |       |     2 ||     2
Armor: Robe              |    19 |       ||    19
       Leather armour    |     8 |       ||     8
       Ring mail         |    30 |    52 ||    82
       Scale mail        |       |    47 ||    47
Dodge: Dodged            |    93 |   161 ||   254
